[Event "WYCC 2018 O14"]
[Site "Halkidiki"]
[Date "2018.10.21"]
[Round "3"]
[White "Avila Pavas, Santiago"]
[Black "Murzin, Volodar"]
[Result "1/2-1/2"]
[ECO "B17"]
[WhiteElo "2277"]
[BlackElo "2340"]
[Annotator "ChessBase"]
[PlyCount "208"]
[EventDate "2018.10.20"]
[EventType "swiss"]
[EventCountry "GRE"]
[SourceTitle "playchess.com"]
[Source "ChessBase"]
[SourceQuality "1"]
[TimeControl "40/5400+30:1800+30"]

1. e4 c6 2. d4 d5 3. Nc3 dxe4 4. Nxe4 Nd7 5. Ng5 Ngf6 6. Bd3 e6 7. Ne2 Bd6 8. c3 h6 9. Nf3 O-O 10. Bf4 Bxf4 11. Nxf4 c5 12. O-O cxd4 13. cxd4 b6 14. Ne5 Bb7 15. Rc1 Nxe5 16. dxe5 Nd7 17. Qe2 Qg5 18. Rc7 Nxe5 19. Rxb7 Qxf4 20. g3 Qf3 21. Qxf3 Nxf3+ 22. Kg2 Rfd8 23. Ba6 Ne5 24. Re1 Ng4 25. Re2 Nf6 26. Rc2 Ne4 27. b4 Kf8 28. Rcc7 Nd6 29. Rxa7 b5 30. Rd7 Rxa7 31. Rxa7 Rb8 32. f4 Nf5 33. Rb7 Rxb7 34. Bxb7 Ne3+ 35. Kf2 Nc2 36. Bc6 Nxb4 37. Bxb5 Nxa2 38. Bd3 Nb4 39. Be4 Ke7 40. Ke3 Kd6 41. Kd4 Nd5 42. Bf3 f6 43. h4 Ne7 44. Be4 Nd5 45. Bd3 Nb4 46. Be4 Na6 47. Bc2 Nc5 48. Bb1 Nb3+ 49. Kc3 Na5 50. Kd4 Nc6+ 51. Ke4 Ne7 52. Kd4 Nd5 53. Bd3 Nc7 54. Bc4 Kc6 55. Bb3 Nb5+ 56. Ke3 Kd6 57. Bc4 Nc3 58. Kd4 Na4 59. Bd3 Nc5 60. Bb1 Nb7 61. Be4 Nd8 62. Bc2 Nc6+ 63. Ke4 Ne7 64. Kd4 g6 65. Ke3 Nf5+ 66. Kf2 Kc5 67. Bb3 Ng7 68. Bc2 f5 69. Ke3 Nh5 70. Bb3 Kd6 71. Kf3 Nf6 72. Ba4 e5 73. fxe5+ Kxe5 74. Bc6 Ne4 75. Be8 g5 76. hxg5 hxg5 77. Bd7 Nd2+ 78. Ke2 Nb3 79. Kf3 g4+ 80. Kg2 Nc1 81. Bc8 Ne2 82. Kf2 Nc3 83. Bd7 Nd1+ 84. Ke2 Nc3+ 85. Kf2 Na2 86. Bc8 Nb4 87. Bd7 Nd3+ 88. Kg2 Ne1+ 89. Kf2 Nf3 90. Bc8 Ng5 91. Bd7 Nh7 92. Bc8 Nf6 93. Kg2 Ke4 94. Kf2 f4 95. gxf4 Nd7 96. Kg3 Nf6 97. Bxg4 Kd5 98. Kh4 Kd6 99. Bh3 Nd5 100. f5 Ne7 101. f6 Nd5 102. f7 Ke7 103. Be6 Nf4 104. Bc4 Ng6+ 1/2-1/2

[Event "WYCC 2018 O14"]
[Site "Halkidiki"]
[Date "2018.10.21"]
[Round "3"]
[White "Czopor, Maciej"]
[Black "Runets, Ivan"]
[Result "1/2-1/2"]
[ECO "B84"]
[WhiteElo "2219"]
[BlackElo "2047"]
[Annotator "NA"]
[PlyCount "60"]
[EventDate "2018.10.20"]
[EventType "swiss"]
[EventCountry "GRE"]
[SourceTitle "playchess.com"]
[Source "ChessBase"]
[SourceQuality "1"]
[TimeControl "40/5400+30:1800+30"]

1. e4 c5 2. Nf3 e6 3. d4 cxd4 4. Nxd4 Nf6 5. Nc3 d6 6. Be2 a6 7. O-O Be7 8. Be3 O-O 9. f4 Qc7 10. Kh1 Nc6 11. Qe1 Bd7 12. Qg3 Na5 13. e5 Ne8 14. Nf5 Nc6 15. Nxe7+ Nxe7 16. Bd3 f5 17. exd6 Nxd6 18. Rad1 Bc6 19. Bd4 Nd5 20. Rfe1 Nxc3 21. Bxc3 Ne4 22. Bxe4 Bxe4 23. Be5 Qf7 24. Rd6 Bd5 25. Rd1 Rfc8 26. Rd2 b5 27. h3 a5 28. Qg5 h6 29. Qg3 Kh7 30. Kh2 Ra7 1/2-1/2

[Event "WYCC 2018 O14"]
[Site "Halkidiki"]
[Date "2018.10.21"]
[Round "3"]
[White "Tengis, Tsog-Ochir"]
[Black "Tanriverdi, Enes"]
[Result "1-0"]
[ECO "A45"]
[WhiteElo "2205"]
[BlackElo "2317"]
[Annotator "NA"]
[PlyCount "69"]
[EventDate "2018.10.20"]
[EventType "swiss"]
[EventCountry "GRE"]
[SourceTitle "playchess.com"]
[Source "ChessBase"]
[SourceQuality "1"]
[TimeControl "40/5400+30:1800+30"]

1. d4 Nf6 2. g3 c5 3. c3 e6 4. Bg2 d5 5. Nf3 Nc6 6. Ne5 Be7 7. O-O O-O 8. f4 Bd7 9. e3 Ne4 10. Nd2 Nxd2 11. Bxd2 Rc8 12. Qh5 b5 13. Nxd7 Qxd7 14. f5 Bf6 $16 15. g4 Qe7 16. e4 g6 17. Qh6 Bg7 18. Qf4 e5 19. Qf2 f6 20. exd5 Na5 21. dxc5 Nc4 22. d6 Qd8 23. b4 a5 24. fxg6 Nxd2 25. Qxd2 hxg6 26. Bd5+ Kh7 27. Rf3 Bh6 28. Rh3 g5 29. Be4+ Kg7 30. Qd3 axb4 31. Rxh6 f5 32. Bxf5 Rxf5 33. Qxf5 Kxh6 34. Qe6+ Kg7 35. Rf1 1-0

[Event "WYCC 2018 O14"]
[Site "Halkidiki"]
[Date "2018.10.21"]
[Round "3"]
[White "Fecker, Noah"]
[Black "Sanger, Jake M"]
[Result "1-0"]
[ECO "A14"]
[WhiteElo "2184"]
[BlackElo "1880"]
[Annotator "NA"]
[PlyCount "107"]
[EventDate "2018.10.20"]
[EventType "swiss"]
[EventCountry "GRE"]
[SourceTitle "playchess.com"]
[Source "ChessBase"]
[SourceQuality "1"]
[TimeControl "40/5400+30:1800+30"]

1. Nf3 Nf6 2. c4 e6 3. g3 d5 4. Bg2 Be7 5. O-O c5 6. b3 Nc6 7. Bb2 O-O 8. d3 a6 9. Nbd2 b5 10. Rc1 bxc4 11. dxc4 Qb6 12. cxd5 exd5 13. e4 $11 dxe4 14. Ng5 e3 15. Nc4 exf2+ 16. Rxf2 Qc7 17. Qc2 g6 18. Bxf6 Bxf6 19. Rxf6 Nd4 20. Qf2 Bb7 21. Rf1 Bxg2 22. Qxg2 Rae8 23. Qd5 Nf5 24. R6xf5 gxf5 25. Qxf5 f6 26. Ne6 Qe7 27. Nxf8 Rxf8 28. Qd5+ Kg7 29. Qd6 Qa7 30. Re1 Rf7 31. Qf4 Qd7 32. Nd6 Rf8 33. Nf5+ Kh8 34. Qd6 Qf7 35. Qe7 Qg8 36. Nh6 Qg7 37. Qxg7+ Kxg7 38. Nf5+ Kg6 39. Nd6 Rd8 40. Nc4 a5 41. Nxa5 Ra8 42. Nb7 Rxa2 43. Nxc5 Rb2 44. Rf1 Rc2 45. Nd7 f5 46. Rb1 Rc7 47. Ne5+ Kf6 48. Nd3 Ke6 49. b4 Kd5 50. b5 Rb7 51. b6 Kc6 52. Kf2 Rxb6 53. Rxb6+ Kxb6 54. Kf3 1-0

[Event "WYCC 2018 O14"]
[Site "Halkidiki"]
[Date "2018.10.21"]
[Round "3"]
[White "Juhasz, Agoston"]
[Black "Horobrijs, Daniils"]
[Result "1-0"]
[ECO "B52"]
[WhiteElo "2174"]
[BlackElo "1918"]
[Annotator "NA"]
[PlyCount "127"]
[EventDate "2018.10.20"]
[EventType "swiss"]
[EventCountry "GRE"]
[SourceTitle "playchess.com"]
[Source "ChessBase"]
[SourceQuality "1"]
[TimeControl "40/5400+30:1800+30"]

1. e4 c5 2. Nf3 d6 3. Bb5+ Bd7 4. Bxd7+ Qxd7 5. c4 Nf6 6. Nc3 g6 7. d4 cxd4 8. Nxd4 Bg7 9. b3 O-O 10. O-O Rc8 11. Bb2 e6 12. Qd2 d5 13. cxd5 exd5 14. e5 Ne4 15. Nxe4 dxe4 16. e6 fxe6 17. Rad1 Rd8 18. Qe2 Qf7 19. Qxe4 Na6 20. Rfe1 Nc5 21. Qe3 Rd5 22. Ba3 b6 23. Bxc5 bxc5 24. Nb5 Rad8 25. Rxd5 Rxd5 26. g3 a6 27. Nc3 Bd4 28. Qd2 Rh5 29. Ne4 Qf5 30. h4 Qf3 31. Qe2 Qxe2 32. Rxe2 Rd5 33. Kg2 h6 34. Rc2 Kf7 35. Rc4 Rd7 36. Ra4 Ra7 37. Ra5 Ke7 38. Kf3 Kd7 39. Nxc5+ Bxc5 40. Rxc5 a5 41. Rc4 Rb7 42. Rg4 g5 43. hxg5 h5 44. Rh4 e5 45. Rxh5 Ke6 46. Rh4 Kf5 47. Re4 Rb5 48. Ke3 Kxg5 49. Kd3 Kf5 50. g4+ Kf6 51. f4 exf4 52. Rxf4+ Ke6 53. Kc3 Rc5+ 54. Rc4 Rg5 55. Rf4 Rg8 56. a4 Rc8+ 57. Kb2 Ra8 58. Rf5 Kd6 59. g5 Kc6 60. g6 Kb6 61. g7 Rg8 62. Rg5 Ka6 63. Kc3 Rc8+ 64. Kd4 1-0

[Event "WYCC 2018 O14"]
[Site "Halkidiki"]
[Date "2018.10.21"]
[Round "3"]
[White "Srihari L R"]
[Black "Nogerbek, Kazybek"]
[Result "0-1"]
[ECO "A05"]
[WhiteElo "2170"]
[BlackElo "2316"]
[Annotator "ChessBase"]
[PlyCount "138"]
[EventDate "2018.10.20"]
[EventType "swiss"]
[EventCountry "GRE"]
[SourceTitle "playchess.com"]
[Source "ChessBase"]
[SourceQuality "1"]
[TimeControl "40/5400+30:1800+30"]

1. Nf3 Nf6 2. g3 b5 3. e3 a6 4. c4 bxc4 5. Bxc4 d5 6. Be2 c5 7. O-O Nbd7 8. d4 e6 9. Nbd2 Be7 10. b3 O-O 11. Bb2 Bb7 12. Rc1 Rc8 13. Ne5 cxd4 14. exd4 Qa5 15. a4 Rxc1 16. Qxc1 Rc8 17. Qd1 Nxe5 18. dxe5 Nd7 19. Nf3 Nc5 20. Nd4 Qb4 21. Ba1 Ne4 22. Qd3 Bc5 23. Rb1 Ba7 24. Bf3 Nd2 25. Rd1 Bxd4 26. Bxd4 Qxd4 27. Qxd2 Qxe5 28. Rc1 Rxc1+ 29. Qxc1 Qd6 30. Qd2 e5 31. b4 h6 32. a5 Kf8 33. Kf1 Ke7 34. Ke1 e4 35. Be2 d4 36. b5 d3 37. bxa6 Bxa6 38. Bd1 Qc5 39. g4 g5 40. h3 Kd6 41. Kf1 Kc6 42. Qb2 Qxa5 43. Qf6+ Kb7 44. Qe7+ Qc7 45. Qxe4+ Qc6 46. Qe7+ Kb6 47. Qe3+ Qc5 48. Ke1 Qxe3+ 49. fxe3 Kc5 50. Kd2 Kd5 51. Bf3+ Ke5 52. Kc3 d2 53. Kxd2 Bf1 54. h4 gxh4 55. Ke1 Bh3 56. Kf2 Kf6 57. Bd1 Kg5 58. Bb3 f6 59. Bc2 Bxg4 60. Kg2 Bf5 61. Bd1 Kg6 62. Bb3 Bg4 63. Bc2+ Kf7 64. Kf2 Ke6 65. Bd3 Ke5 66. Bf1 Bf5 67. Bg2 h3 68. Bf1 h2 69. Kg2 Bh3+ 0-1

[Event "WYCC 2018 O14"]
[Site "Halkidiki"]
[Date "2018.10.21"]
[Round "3"]
[White "Mishra, Abhimanyu"]
[Black "Cardoso Cardoso, Jose Gabriel"]
[Result "0-1"]
[ECO "B90"]
[WhiteElo "2149"]
[BlackElo "2313"]
[Annotator "NA"]
[PlyCount "146"]
[EventDate "2018.10.20"]
[EventType "swiss"]
[EventCountry "GRE"]
[SourceTitle "playchess.com"]
[Source "ChessBase"]
[SourceQuality "1"]
[TimeControl "40/5400+30:1800+30"]

1. e4 c5 2. Nf3 d6 3. d4 cxd4 4. Nxd4 Nf6 5. Nc3 a6 6. h3 e6 7. g4 h6 8. Bg2 g5 9. Be3 {[%emt 0:04:10] B81: Sicilian Scheveningen: Keres Attack} Nbd7 10. Qe2 Ne5 11. O-O-O Nfd7 12. h4 Rg8 13. hxg5 {[%emt 0:02:10] LiveBook: 5 Games} hxg5 14. Rh5 (14. Kb1 b5 15. f4 gxf4 16. Bxf4 Bb7 {½-½ (56) Karjakin,S (2773)-Mamedyarov,S (2801) Saint Louis 2018}) 14... b5 15. Rdh1 {[%emt 0:08:55] [#]} Bb7 $146 ({Predecessor:} 15... Qf6 16. Nf3 Nxf3 17. Qxf3 Qxf3 18. Bxf3 Ne5 {½-½ (18) Mihok,O (2443)-Flumbort,A (2503) Budapest 2012}) 16. Rh8 Rxh8 17. Rxh8 Nc4 18. Kb1 Nxe3 19. Qxe3 Qf6 20. Rg8 Ne5 21. Nf3 Nxf3 22. Bxf3 O-O-O 23. Be2 Bg7 24. Rxd8+ Qxd8 25. f3 Be5 26. a3 Qf6 27. Qd3 Kd7 28. Qe3 Bd4 29. Qd3 Ke7 30. Nd1 Qe5 31. c3 Bc5 32. c4 b4 33. a4 Bc6 34. Qc2 a5 35. b3 Qd4 36. Nb2 Qg1+ 37. Qc1 f5 38. exf5 exf5 39. Qxg1 Bxg1 40. Nd3 Kf6 41. Kc2 Be3 42. Kd1 fxg4 43. fxg4 Ke6 44. Kc2 Be4 45. Kb2 d5 46. Kc2 Bd4 47. cxd5+ Kxd5 48. Kd2 Bh1 49. Bd1 Ke4 50. Bc2 Kf3 51. Bd1+ Kg3 52. Nc1 Be5 53. Nd3 Bf4+ 54. Nxf4 Kxf4 55. Bc2 Be4 56. Bd1 Bf3 57. Bc2 Bxg4 58. Bd3 Be6 59. Bc2 g4 60. Ke2 g3 61. Kf1 Bd5 62. Kg1 Ke3 63. Kf1 Kd2 64. Bf5 Bxb3 65. Kg2 Bxa4 66. Kxg3 Bc2 67. Be6 b3 68. Kf4 a4 69. Ke5 a3 70. Kd4 a2 71. Kc5 a1=Q 72. Kd6 b2 73. Bd5 b1=Q 0-1

[Event "WYCC 2018 O14"]
[Site "Halkidiki"]
[Date "2018.10.21"]
[Round "3"]
[White "Krallis, Christos"]
[Black "Van Dael, Siem"]
[Result "1-0"]
[ECO "A15"]
[WhiteElo "2139"]
[BlackElo "2202"]
[Annotator "NA"]
[PlyCount "53"]
[EventDate "2018.10.20"]
[EventType "swiss"]
[EventCountry "GRE"]
[SourceTitle "playchess.com"]
[Source "ChessBase"]
[SourceQuality "1"]
[TimeControl "40/5400+30:1800+30"]

1. c4 Nf6 2. g3 g6 3. Bg2 Bg7 4. Nc3 O-O 5. e4 d6 6. Nge2 c5 7. O-O Nc6 8. d3 a6 9. a3 Rb8 10. Rb1 Ne8 {[%emt 0:00:41] A36: Symmetrical English vs ...g6: 4 Bg2 Bg7} (10... b5 11. cxb5 axb5 12. b4 cxb4 13. axb4 e5 14. Be3 Be6 15. d4 Bc4 16. d5 Ne7 17. f3 Nd7 18. Qd2 f5 19. Ra1 Nf6 20. Bh3 Ra8 21. Rfc1 h5 22. Rxa8 Qxa8 {0-1 (63) Granda Zuniga,J (2646)-Lopez Martinez,J (2552) Lorca 2016}) 11. b4 cxb4 12. axb4 b5 13. cxb5 axb5 14. Be3 Nc7 15. f4 $146 ({Predecessor:} 15. Qd2 Bg4 16. h3 Bxe2 17. Nxe2 e5 18. f4 exf4 19. gxf4 d5 20. Bc5 Re8 21. exd5 Nxd5 {1-0 (40) Soares,A (2209)-Barreto Filho,C (2300) Natal 2012}) 15... e5 16. d4 Na6 17. dxe5 dxe5 18. Nd5 Be6 19. Qd2 $14 Re8 20. Rfd1 Bxd5 21. exd5 exf4 22. dxc6 fxe3 23. Qa2 Nxb4 24. Qb3 Qf6 25. Rf1 Qe5 26. Qxb4 Red8 27. Qb3 1-0

[Event "WYCC 2018 O14"]
[Site "Halkidiki"]
[Date "2018.10.21"]
[Round "3"]
[White "Munshi, Aditya"]
[Black "Trushko, Andrii"]
[Result "1-0"]
[ECO "C03"]
[WhiteElo "2133"]
[BlackElo "1906"]
[Annotator "NA"]
[PlyCount "85"]
[EventDate "2018.10.20"]
[EventType "swiss"]
[EventCountry "GRE"]
[SourceTitle "playchess.com"]
[Source "ChessBase"]
[SourceQuality "1"]
[TimeControl "40/5400+30:1800+30"]

1. e4 e6 2. d4 d5 3. Nd2 Be7 4. Ngf3 b6 5. Bd3 Bb7 6. e5 c5 7. c3 Qd7 8. Nf1 Ba6 9. Ng3 Bxd3 $14 10. Qxd3 Nc6 11. O-O c4 12. Qe3 b5 13. Qf4 a5 14. Qg4 g6 15. h4 a4 16. h5 Bf8 17. Qh3 Bh6 18. Rb1 Na5 19. Nh2 O-O-O 20. Nf3 Bxc1 21. Rfxc1 Nh6 22. Nd2 Nf5 23. Nxf5 gxf5 24. b3 axb3 25. axb3 Nxb3 26. Nxb3 cxb3 27. Rxb3 Kc7 28. Rcb1 Rb8 29. Qd3 Rhc8 30. Rxb5 Rxb5 31. Rxb5 Kd8 32. Rb6 Ke8 33. Qg3 Qc7 34. Rb3 h6 35. Qg8+ Ke7 36. Qg7 Qd7 37. Qf6+ Ke8 38. Qh8+ Ke7 39. Qf6+ Ke8 40. Qxh6 Qa4 41. Rb7 Qa3 42. Qh8+ Qf8 43. Qf6 1-0

[Event "WYCC 2018 O14"]
[Site "Halkidiki"]
[Date "2018.10.21"]
[Round "3"]
[White "Risteski, Emil"]
[Black "Kouvidis, Ioannis"]
[Result "1-0"]
[ECO "B40"]
[WhiteElo "2120"]
[BlackElo "1896"]
[Annotator "NA"]
[PlyCount "41"]
[EventDate "2018.10.20"]
[EventType "swiss"]
[EventCountry "GRE"]
[SourceTitle "playchess.com"]
[Source "ChessBase"]
[SourceQuality "1"]
[TimeControl "40/5400+30:1800+30"]

1. e4 c5 2. Nf3 e6 3. d4 cxd4 4. Nxd4 Nf6 5. Nc3 Nc6 6. Ndb5 Bc5 7. Nd6+ Ke7 8. Nxc8+ Rxc8 9. Bd3 h6 10. O-O Re8 11. Kh1 Kf8 12. f4 d6 13. Qf3 a6 14. Bd2 e5 15. Qh3 Kg8 16. Rf3 Qd7 17. f5 Kh7 18. Qh4 Qe7 19. Bg5 Qf8 20. Bxf6 gxf6 21. Nd5 1-0

[Event "WYCC 2018 O14"]
[Site "Halkidiki"]
[Date "2018.10.21"]
[Round "3"]
[White "Buonanno, Raffaele"]
[Black "Ngo, Duc Tri"]
[Result "0-1"]
[ECO "D11"]
[WhiteElo "2101"]
[BlackElo "1883"]
[Annotator "NA"]
[PlyCount "64"]
[EventDate "2018.10.20"]
[EventType "swiss"]
[EventCountry "GRE"]
[SourceTitle "playchess.com"]
[Source "ChessBase"]
[SourceQuality "1"]
[TimeControl "40/5400+30:1800+30"]

1. d4 d5 2. c4 c6 3. Nf3 Bf5 4. Nbd2 e6 5. g3 Nf6 6. Bg2 Nbd7 7. O-O Be7 8. b3 O-O 9. Bb2 h6 10. Ne5 a5 11. a3 Qc7 12. Rc1 Rfd8 13. e3 Nxe5 14. dxe5 Nd7 15. cxd5 exd5 16. Nf3 Be4 17. e6 fxe6 18. Nd4 Qe5 19. f4 Qd6 20. Bxe4 dxe4 21. Qg4 Nf6 22. Qh3 Kf7 23. g4 c5 24. Nb5 Qd3 25. Nc7 Rac8 26. Be5 Qe2 27. Bxf6 Bxf6 28. Rxc5 Rd1 29. Rxd1 Qxd1+ 30. Kf2 Rd8 31. g5 Rd2+ 32. Kg3 Qg1+ 0-1

[Event "WYCC 2018 O14"]
[Site "Halkidiki"]
[Date "2018.10.21"]
[Round "3"]
[White "Stremavicius, Pijus"]
[Black "Gines Esteo, Pedro Antonio"]
[Result "0-1"]
[ECO "B06"]
[WhiteElo "2024"]
[BlackElo "2288"]
[Annotator "NA"]
[PlyCount "90"]
[EventDate "2018.10.20"]
[EventType "swiss"]
[EventCountry "GRE"]
[SourceTitle "playchess.com"]
[Source "ChessBase"]
[SourceQuality "1"]
[TimeControl "40/5400+30:1800+30"]

1. d4 d6 2. e4 g6 3. Nc3 Bg7 4. f4 c6 5. Nf3 d5 6. e5 h5 7. Bd3 Nh6 8. O-O Bf5 9. Ne2 Qb6 10. Be3 Ng4 11. Bc1 Bxd3 12. Qxd3 e6 13. a4 Bf8 14. h3 Nh6 15. Be3 Nf5 16. Bf2 h4 $14 17. c4 dxc4 18. Qxc4 Na6 19. a5 Qd8 20. Rfb1 Be7 21. b4 Nc7 22. Nc3 a6 23. Nd2 Kf8 24. Nb3 Kg7 25. Rd1 Rb8 26. Nc5 Qc8 27. Rd3 Rd8 28. Rb1 Nd5 29. Nxd5 Rxd5 30. Na4 Qf8 31. Nb6 Rdd8 32. Rf3 Kh8 33. Rbb3 Kh7 34. Rb1 Qg7 35. Kh2 Rg8 36. Rg1 Rbd8 37. Na4 Rd5 38. Nc3 Rd7 39. Ne4 Rgd8 40. Rd1 Rd5 41. Nc3 R5d7 42. Ne4 Qf8 43. Rb3 Kh8 44. Rdd3 Qh6 45. Rb1 Qxf4+ 0-1

[Event "WYCC 2018 O14"]
[Site "Halkidiki"]
[Date "2018.10.21"]
[Round "3"]
[White "Abelakiotis, Stavros"]
[Black "Vettese, Nicholas"]
[Result "1-0"]
[ECO "B51"]
[WhiteElo "1994"]
[BlackElo "2338"]
[Annotator "NA"]
[PlyCount "105"]
[EventDate "2018.10.20"]
[EventType "swiss"]
[EventCountry "GRE"]
[SourceTitle "playchess.com"]
[Source "ChessBase"]
[SourceQuality "1"]
[TimeControl "40/5400+30:1800+30"]

1. e4 c5 2. Nf3 d6 3. Bb5+ Nd7 4. a4 Ngf6 5. Nc3 b6 6. d4 a6 7. Be2 Qc7 8. O-O Bb7 {[%emt 0:07:01] [#]} 9. d5 $1 g6 10. Bf4 Bg7 11. Qd2 O-O 12. Bh6 Bc8 $16 13. h3 Rd8 14. Bxg7 Kxg7 15. Rfe1 Nf8 16. Bc4 N6d7 17. Rad1 Ne5 18. Nxe5 dxe5 19. Qe2 g5 20. Qh5 f6 21. h4 h6 22. d6 exd6 23. Nd5 Qa7 24. Nxf6 Be6 25. Bxe6 Nxe6 26. Ng4 Rh8 27. Ne3 Qf7 28. Nf5+ Kf8 29. Qxf7+ Kxf7 30. Rxd6 Nd4 31. Rxb6 Rhb8 32. Rxb8 Rxb8 33. Nxd4 exd4 34. hxg5 Rxb2 35. gxh6 Rxc2 36. e5 Rb2 37. h7 Kg7 38. e6 Rb8 39. e7 Re8 40. Rc1 Rxe7 41. Rxc5 Re1+ 42. Kh2 Kxh7 43. Rd5 Rd1 44. Rd6 a5 45. Rd5 Rb1 46. Rxa5 Rb4 47. Ra6 Kg7 48. a5 Kf7 49. Rh6 Ke7 50. a6 d3 51. a7 Ra4 52. Rh3 d2 53. Rd3 1-0

[Event "WYCC 2018 O14"]
[Site "Halkidiki"]
[Date "2018.10.21"]
[Round "3"]
[White "Chatzieleftheriou, Andreas"]
[Black "Tsay, Vincent"]
[Result "1/2-1/2"]
[ECO "C15"]
[WhiteElo "1984"]
[BlackElo "2310"]
[Annotator "ChessBase"]
[PlyCount "121"]
[EventDate "2018.10.20"]
[EventType "swiss"]
[EventCountry "GRE"]
[SourceTitle "playchess.com"]
[Source "ChessBase"]
[SourceQuality "1"]
[TimeControl "40/5400+30:1800+30"]

1. e4 e6 2. d4 d5 3. Nc3 Bb4 4. exd5 exd5 5. Bd3 Nc6 6. a3 Bxc3+ 7. bxc3 Nge7 8. Qf3 O-O 9. Nh3 Bxh3 10. Qxh3 Ng6 11. O-O Re8 12. Qf3 Na5 13. g3 c6 14. h4 Nf8 15. h5 h6 16. Kg2 Re6 17. Bf4 Nc4 18. Qg4 Nd6 19. Rae1 Ne4 20. Be5 Qg5 21. Qh3 Qd8 22. f4 f6 23. Rxe4 dxe4 24. Bc4 Kh8 25. Bxe6 fxe5 26. fxe5 Qg5 27. Bc8 Qe7 28. Qh4 Qe8 29. Bf5 e3 30. Qe4 Qxh5 31. Qxe3 Qe8 32. c4 Rd8 33. e6 Qe7 34. Bh3 Re8 35. d5 b5 36. Qf4 cxd5 37. cxd5 Qc5 38. Qe4 Nh7 39. Rd1 Ng5 40. Qd4 Qxc2+ 41. Rd2 Qc1 42. Bg4 Ne4 43. Re2 Nd6 44. e7 Qg5 45. Qf4 Qxd5+ 46. Bf3 Qc5 47. Qf8+ Kh7 48. Rd2 Qf5 49. Qxf5+ Nxf5 50. Be4 g6 51. Rd7 a6 52. Bxf5 gxf5 53. Ra7 Kg7 54. Kf3 Kf7 55. Rxa6 Kxe7 56. Rxh6 Ra8 57. Rb6 Rxa3+ 58. Kf4 Rb3 59. Kxf5 Rxg3 60. Rxb5 Rh3 61. Rb7+ 1/2-1/2

[Event "WYCC 2018 O14"]
[Site "Halkidiki"]
[Date "2018.10.21"]
[Round "3"]
[White "Gaal, Zsoka"]
[Black "Krastev, Alexander"]
[Result "0-1"]
[ECO "A37"]
[WhiteElo "1976"]
[BlackElo "2298"]
[Annotator "NA"]
[PlyCount "86"]
[EventDate "2018.10.20"]
[EventType "swiss"]
[EventCountry "GRE"]
[SourceTitle "playchess.com"]
[Source "ChessBase"]
[SourceQuality "1"]
[TimeControl "40/5400+30:1800+30"]

1. Nf3 c5 2. c4 g6 3. Nc3 Bg7 4. g3 Nc6 5. Bg2 e6 6. O-O Nge7 7. d4 Nxd4 8. Nxd4 {[%emt 0:02:09] LiveBook: 30 Games} cxd4 9. Nb5 Qb6 10. e3 d5 11. Nxd4 dxc4 12. Qa4+ Bd7 13. Qxc4 $17 O-O 14. Qb3 Bxd4 15. exd4 Qxb3 16. axb3 Bc6 17. Bg5 f6 18. Bh6 Rfd8 19. Bh3 Kf7 20. Be3 a6 21. Rfe1 Bd5 22. Bg2 Nc6 23. Rac1 Rd7 24. Bxd5 Rxd5 25. Rc5 Rd7 26. Rec1 Rad8 27. R5c4 Ke7 28. d5 Rxd5 29. Kg2 e5 30. f4 Ke6 31. fxe5 Nxe5 32. Rc7 R8d7 33. Rxd7 Kxd7 34. Rc2 Rd3 35. Rc3 b5 36. b4 Ke6 37. Bf4 Rxc3 38. bxc3 Kd5 39. Be3 Nc6 40. Kf2 Kc4 41. Bd2 Kd3 42. Ke1 Ne5 43. Kd1 Nf3 0-1

[Event "WYCC 2018 O14"]
[Site "Halkidiki"]
[Date "2018.10.21"]
[Round "3"]
[White "Wernberg, Hugo"]
[Black "Trifan, Andrei Ioan"]
[Result "1/2-1/2"]
[ECO "C47"]
[WhiteElo "1956"]
[BlackElo "2290"]
[Annotator "NA"]
[PlyCount "44"]
[EventDate "2018.10.20"]
[EventType "swiss"]
[EventCountry "GRE"]
[SourceTitle "playchess.com"]
[Source "ChessBase"]
[SourceQuality "1"]
[TimeControl "40/5400+30:1800+30"]

1. e4 e5 2. Nf3 Nc6 3. Nc3 Nf6 4. d4 exd4 5. Nxd4 Bb4 6. Nxc6 bxc6 7. Bd3 d5 8. exd5 cxd5 9. O-O O-O 10. Bg5 c6 11. Qf3 h6 {[%emt 0:07:00] LiveBook: 223 Games} 12. Bxf6 Qxf6 13. Qxf6 gxf6 14. Ne2 Rb8 15. Rab1 Bd6 16. Nd4 Rb6 17. Nf5 Bxf5 18. Bxf5 a5 19. Rfe1 a4 20. b3 $14 Rfb8 21. Re3 Rb4 22. Rbe1 Kg7 1/2-1/2

[Event "WYCC 2018 O14"]
[Site "Halkidiki"]
[Date "2018.10.21"]
[Round "3"]
[White "Bolognese, Leonardo"]
[Black "Gombocz, Ferenc Jr."]
[Result "0-1"]
[ECO "D15"]
[WhiteElo "1947"]
[BlackElo "2271"]
[Annotator "NA"]
[PlyCount "80"]
[EventDate "2018.10.20"]
[EventType "swiss"]
[EventCountry "GRE"]
[SourceTitle "playchess.com"]
[Source "ChessBase"]
[SourceQuality "1"]
[TimeControl "40/5400+30:1800+30"]

1. d4 d5 2. c4 c6 3. Nf3 Nf6 4. Nc3 a6 5. a4 e6 6. Bg5 Be7 7. e3 O-O 8. Be2 h6 9. Bf4 Nbd7 10. c5 a5 11. h3 $11 b6 12. cxb6 Qxb6 13. Qc2 Ba6 14. O-O Bxe2 15. Qxe2 Rfc8 16. Rfc1 Bd8 17. Ne5 Nxe5 18. dxe5 Nd7 19. Qg4 Kh7 20. Qh5 Nc5 21. Qxf7 Rc7 22. Qh5 Nb3 23. Qe2 Nxa1 24. Rxa1 Rb8 25. Qd3+ g6 26. Rb1 Qb4 27. b3 Qa3 28. Qc2 Rcb7 29. Ne2 c5 30. Bg3 Bg5 31. h4 Rxb3 32. Rxb3 Qxb3 33. Qxc5 Rb7 34. Nd4 Qd1+ 35. Kh2 Be7 36. Qc6 Rb1 37. Kh3 Qh1+ 38. Bh2 Rg1 39. g3 Qg2+ 40. Kg4 h5+ 0-1

[Event "WYCC 2018 O14"]
[Site "Halkidiki"]
[Date "2018.10.21"]
[Round "3"]
[White "Unneland, Mathias"]
[Black "Turcan, Richard"]
[Result "0-1"]
[ECO "A62"]
[WhiteElo "1884"]
[BlackElo "2218"]
[Annotator "NA"]
[PlyCount "94"]
[EventDate "2018.10.20"]
[EventType "swiss"]
[EventCountry "GRE"]
[SourceTitle "playchess.com"]
[Source "ChessBase"]
[SourceQuality "1"]
[TimeControl "40/5400+30:1800+30"]

1. d4 Nf6 2. c4 c5 3. d5 e6 4. Nc3 exd5 5. cxd5 d6 6. Nf3 g6 7. g3 Bg7 8. Bg2 O-O 9. O-O Re8 10. Re1 a6 11. a4 Nbd7 12. Bf4 Ng4 13. Qc2 Nge5 14. Nd2 Rb8 15. a5 b5 16. axb6 Qxb6 17. Reb1 h6 $11 18. e4 g5 19. Be3 Ng4 20. Nc4 Nxe3 21. Nxe3 Ne5 22. Bf1 Nf3+ 23. Kg2 Nd4 24. Qa4 Re7 25. Ra3 Qd8 26. b4 Bd7 27. Qa5 Qxa5 28. Rxa5 cxb4 29. Rxa6 Ree8 30. Ncd1 Bf8 31. f3 Rec8 32. Ra7 Bb5 33. Bxb5 Nxb5 34. Ra4 Nc3 35. Nxc3 bxc3 36. Rc1 Rb2+ 37. Kh3 Rf2 38. Ra3 c2 39. Nf5 h5 40. Ra2 Kh7 41. Ra6 Rxf3 42. Nxd6 Bxd6 43. Rxd6 Rf2 44. Rc6 Rxc6 45. dxc6 g4+ 46. Kh4 Kg6 47. h3 Rh2 0-1

[Event "WYCC 2018 O14"]
[Site "Halkidiki"]
[Date "2018.10.21"]
[Round "3"]
[White "Tombolis, Christopher"]
[Black "Lopez Varela, Pablo"]
[Result "0-1"]
[ECO "E94"]
[WhiteElo "1882"]
[BlackElo "2172"]
[Annotator "NA"]
[PlyCount "98"]
[EventDate "2018.10.20"]
[EventType "swiss"]
[EventCountry "GRE"]
[SourceTitle "playchess.com"]
[Source "ChessBase"]
[SourceQuality "1"]
[TimeControl "40/5400+30:1800+30"]

1. d4 Nf6 2. c4 d6 3. Nc3 Nbd7 4. e4 e5 5. Nf3 g6 6. Be2 Bg7 7. O-O O-O 8. dxe5 dxe5 9. h3 c6 10. Be3 Qe7 11. Ne1 Rd8 12. Qc2 Nf8 13. Nd3 N6d7 14. Bg4 h5 15. Bxd7 Bxd7 16. f4 $17 exf4 17. Nxf4 Ne6 18. Qf2 Nxf4 19. Qxf4 Be6 20. e5 Bf5 21. g4 Bxe5 22. Qf3 hxg4 23. hxg4 Qh4 24. Rf2 Qxg4+ 25. Qxg4 Bxg4 26. Ne4 Bf5 27. Nc5 b6 28. Na6 Rd3 29. Re1 Bg3 30. Nb4 Bxf2+ 31. Kxf2 Rd6 32. Bf4 Re6 33. Rh1 a5 34. Nd5 cxd5 35. cxd5 Re4 36. Bg5 Kg7 37. Rd1 f6 38. Be3 Rae8 39. Bxb6 Re2+ 40. Kg3 Rxb2 41. Ba7 Rxa2 42. d6 Ra3+ 43. Kf2 Rd3 44. Rxd3 Bxd3 45. Bb6 Bb5 46. Bxa5 Bd7 47. Kg3 Re5 48. Bc7 Rf5 49. Kh4 Rf3 0-1